 Dungeon Crawl Stone Soup version 0.30-a0-474-g5673dd7ce6 (webtiles) character file.

Game seed: 11289626759904414697

150 Ijustatesigmund the Sneak (level 5, -1/33 HPs)
             Began as a Kobold Brigand on Dec 20, 2022.
             Slain by an orc
             ... wielding a +0 mace
              (3 damage)
             ... on level 3 of the Dungeon.
             The game lasted 00:04:23 (2547 turns).

Ijustatesigmund the Sneak (Kobold Brigand)          Turns: 2547, Time: 00:04:23

Health: -1/33      AC:  3    Str: 10    XL:     5   Next: 58%
Magic:  5/5        EV: 16    Int: 13    God:
Gold:   308        SH:  5    Dex: 22    Spells: 4/4 levels left

rFire   . . .      SeeInvis .    a - +4 dagger
rCold   . . .      Faith    .    (no shield)
rNeg    . . .      Spirit   .    b - +0 robe
rPois   .          Reflect  +    (no helmet)
rElec   .          Harm     .    c - +0 cloak
rCorr   +          Rampage  .    (no gloves)
Will    .....                    (no boots)
Stlth   +++++.....               t - amulet of reflection
HPRegen 0.25/turn                f - ring of resist corrosion
MPRegen 0.09/turn                k - +6 ring of dexterity

@: mighty
A: small, no large weapons, nightstalker 3
a: no special abilities


You were on level 3 of the Dungeon.
You visited 1 branch of the dungeon, and saw 3 of its levels.

You collected 308 gold pieces.

Inventory:

Hand Weapons
 a - a +4 dagger (weapon)
 q - a +1 short sword of freezing
Missiles
 d - 8 poisoned darts (quivered)
 e - 3 curare-tipped darts
Armour
 b - a +0 robe (worn)
 c - a +0 cloak (worn)
Jewellery
 f - a ring of resist corrosion (left hand)
 k - a +6 ring of dexterity (right hand)
 t - an amulet of reflection (around neck)
Scrolls
 g - 2 scrolls of noise {unknown}
 h - a scroll of torment {unknown}
 i - a scroll of immolation
 j - a scroll of fear {unknown}
 l - a scroll of identify {unknown}
 m - a scroll of silence {unknown}
 n - a scroll of enchant armour {unknown}
 r - 2 scrolls of fog {unknown}
Potions
 s - a potion of invisibility {unknown}


   Skills:
 + Level 3.7 Fighting
 + Level 4.4 Short Blades
 - Level 2.1 Throwing
 + Level 3.0 Dodging
 + Level 6.0 Stealth


You had 4 spell levels left.
You didn't know any spells.
Your spell library contained the following spells:

 Spells                   Type           Power      Damage    Failure   Level
 Apportation              Tloc           0%         N/A       30%         1
 Necrotise                Necr           0%         1d4       30%         1
 Shock                    Conj/Air       0%         1d3       30%         1
 Summon Small Mammal      Summ           0%         N/A       30%         1
 Gell's Gravitas          Tloc           0%         N/A       67%         3
 Swiftness                Air            0%         N/A       67%         3
 Teleport Other           Tloc           0%         N/A       67%         3
 Airstrike                Air            0%         2d(0-16)  97%         4
 Dispersal                Tloc           0%         N/A       100%        6


Dungeon Overview and Level Annotations

Branches:
Dungeon (3/15)

Altars:
Dithmenos


Innate Abilities, Weirdness & Mutations

You are small and have problems with some larger weapons.
You are completely attuned to the shadows.


Message History

The orc priest hits you but does no damage.
You barely miss the orc priest.
The orc priest is moderately wounded.
You block the orc's attack. The orc priest barely misses you.
You hit the orc priest but do no damage.
The orc priest is moderately wounded.
You hit the orc priest.
The orc priest is severely wounded.
The orc closely misses you.
You hit the orc priest but do no damage.
The orc priest is severely wounded.
The orc misses you. The orc priest barely misses you.
The orc completely misses you.
You closely miss the orc priest.
The orc priest is severely wounded.
You hit the orc priest but do no damage.
The orc priest is severely wounded.
The orc completely misses you.
The orc priest calls down the wrath of Beogh upon you.
Beogh smites you! The orc hits you with a +0 mace.
You are too injured to fight recklessly!
You are too injured to fight recklessly!
You are too injured to fight recklessly!
It was a potion of might.
You feel very mighty all of a sudden. The orc hits you with a +0 short sword.
* * * LOW HITPOINT WARNING * * *
The orc misses you. You block the orc priest's attack.
The orc barely misses you.
You closely miss the orc priest.
The orc priest is severely wounded.
The orc closely misses you. The orc hits you with a +0 dagger.
* * * LOW HITPOINT WARNING * * *
The orc priest hits you with a +0 dagger.
* * * LOW HITPOINT WARNING * * *
The orc completely misses you.
You hit the orc priest.
You kill the orc priest!
You block the orc's attack. x2; The orc hits you with a +0 mace.
You die...

#############
##...........# ##
#..#########.# .##
#.###. .....# ..##
#.##.........## #..##
##.#o..........#
##..###..#⌠..........#
.##......#$....o)....##
..######.##....o@.....#
...## #.###...o......#
≈...####..#########)..#
≈≈..##...............##
#≈...#..########.....##
#≈...'.## #.......#
##...'.# #.......#
#≈...'.# #.[.....#
#≈...### ####.......#


You could see 3 orcs.

Vanquished Creatures
  An orc priest (D:3)
  Jessica (D:2)
  Terence (D:2)
  3 gnolls
  2 adders
  A worm (D:3)
  2 dart slugs
  An orc (D:3)
  An endoplasm (D:1)
  A giant cockroach (D:1)
  3 goblins
  2 hobgoblins
  7 jackals
  5 quokkas
  2 ball pythons
  5 bats (D:1)
  3 frilled lizards
  2 kobolds
  4 rats (D:1)
47 creatures vanquished.

Vanquished Creatures (others)
  A fungus (D:3)
  4 toadstools (D:3)
5 creatures vanquished.

Grand Total: 52 creatures vanquished

Notes
Turn   | Place    | Note
-------+----------+-------------------------------------------
     0 | D:1      | Ijustatesigmund the Kobold Brigand began the quest for the
                  | Orb.
     0 | D:1      | Reached XP level 1. HP: 12/12 MP: 1/1
   358 | D:1      | Reached XP level 2. HP: 18/18 MP: 2/2
   910 | D:2      | Reached XP level 3. HP: 22/22 MP: 3/3
   985 | D:2      | Found a shadowy altar of Dithmenos.
  1136 | D:2      | Noticed Terence
  1138 | D:2      | Noticed Jessica
  1140 | D:2      | Killed Terence
  1141 | D:2      | Reached XP level 4. HP: 28/28 MP: 4/4
  1147 | D:2      | Killed Jessica
  1625 | D:2      | Found a faded altar of an unknown god.
  1822 | D:2      | Reached XP level 5. HP: 19/32 MP: 5/5
  2199 | D:3      | Reached skill level 6 in Stealth
  2546 | D:3      | HP: 1/33 [orc priest/+0 dagger (2)]
  2547 | D:3      | Slain by an orc

Illustrated notes

Levels and vault maps discovered:
D:1:      lemuel_arrival_behind_the_door_large, layout_loops_corners,
          kennysheep_decorative_pillar
D:2:      layout_basic, basic_altar, shapermc_ecumenical_altar_ellora,
          uniq_terence, uniq_jessica
D:3:      cheibrodos_pilgrimage, layout_rooms, grunt_ministairs_6,
          kennysheep_donut, minmay_gold_behind_fungi

Skill      XL: |  1  2  3  4  5 |
---------------+----------------+-----
Short Blades   | 3 4 |  4.4
Fighting       | 3 |  3.7
Dodging        | 2 3 |  3.0
Stealth        | 6 |  6.0
Throwing       | |  2.1

Action                   |  1- 3 |  4- 6 || total
-------------------------+-------+-------++-------
Melee: Dagger            |    46 |    72 ||   118
Throw: Dart              |       |     7 ||     7
  Use: Scroll            |       |     4 ||     4
       Potion            |       |     3 ||     3
 Stab: Sleeping          |    13 |    10 ||    23
       Distracted        |     1 |       ||     1
Armor: Robe              |    12 |     8 ||    20
Dodge: Dodged            |    26 |    63 ||    89
Block: Other             |       |     6 ||     6
       Reflection        |       |     1 ||     1

Table legend: (Time is in decaauts)
 A = Elapsed time spent in this place.
 B = Non-inter-level travel time spent in this place.
 C = Inter-level travel time spent in this place.
 D = Time resting spent in this place.
 E = Time spent auto-exploring this place.
 F = Levels seen in this place.
 G = Mean time per level.
                   A        B        C        D        E       F      G
               +--------+--------+--------+--------+--------+-----+--------+
         Total |   2541 |   2458 |     83 |    379 |   1704 |   3 |  847.0 |
       Dungeon |   2541 |   2458 |     83 |    379 |   1704 |   3 |  847.0 |
               +--------+--------+--------+--------+--------+-----+--------+

Top non-repeatable levels by time:
     D:2: 1075 daAuts
     D:1: 927 daAuts
     D:3: 538 daAuts
